Map: Oceanborn LE

Players

Chobosaurus - Winner!

  • Race: Protoss Protoss
  • League: Diamond
  • Spawn Location: 11:00

SubN

  • Race: Zerg Zerg
  • League: Diamond
  • Spawn Location: 5:00

VOD

Have the link to the VOD?

Description

Time

  • Played on: Jan. 22, 2024, 11:40 a.m.
  • Length: 14:13
Show
View Real Time Build Order
Export as new Build Order

Chobosaurus Protoss - Winner!

Build Orders: 1 Gate Expand 

Get SALT Encoding   

  12  0:00  Probe  
  13  0:12  Probe  
  14  0:17  Pylon  
  14  0:24  Probe (Chrono Boost)  
  15  0:36  Probe (Chrono Boost)  
  15  0:38  Gateway  
  16  0:45  Probe (Chrono Boost)  
  16  0:47  Assimilator  
  17  0:51  Probe  
  18  1:03  Probe  
  19  1:15  Probe  
  20  1:26  Cybernetics Core  
  20  1:29  Zealot (Chrono Boost)  
  22  1:41  Nexus  
  22  1:58  Pylon  
  22  1:59  Gateway  
  22  2:02  Probe  
  23  2:14  Adept (Chrono Boost)  
  23  2:16  Shield Battery, Probe  
  25  2:28  Probe  
  26  2:34  Assimilator  
  26  2:35  Stalker  
  28  2:38  Pylon  
  28  2:43  Probe  
  29  2:52  Shield Battery  
  29  2:55  Probe  
  30  2:58  Stalker  
  30  3:03  Probe  
  33  3:07  Probe  
  34  3:15  Probe  
  34  3:17  Pylon  
  36  3:20  Probe  
  36  3:29  Stalker (Chrono Boost)  
  36  3:31  Sentry (Chrono Boost)  
  36  3:33  Probe  
  41  3:43  Probe  
  41  3:46  Assimilator  
  42  3:52  Probe  
  42  3:55  Twilight Council  
  43  3:57  Gateway  
  43  4:01  Gateway  
  43  4:07  Pylon  
  43  4:09  Probe  
  44  4:16  Warp Gate (Chrono Boost)  
  44  4:17  Probe  
  44  4:19  Stalker  
  44  4:24  Stalker  
  49  4:33  Blink (Chrono Boost)  
  49  4:39  Probe  
  49  4:40  Probe  
  53  4:49  Stalker (Chrono Boost)  
  53  4:51  Pylon  
  55  4:57  Stalker (Chrono Boost)  
  55  4:58  Probe, Stalker (Chrono Boost)  
  58  5:02  Probe  
  58  5:04  Zealot (Chrono Boost)  
  60  5:10  Probe  
  62  5:14  Probe  
  62  5:22  Probe  
  62  5:26  Probe  
  62  5:28  Forge  
  64  5:29  Stalker  
  64  5:31  Sentry  
  64  5:33  Sentry  
  64  5:34  Probe  
  71  5:38  Probe  
  72  5:43  Pylon  
  72  5:47  Probe  
  73  5:53  Probe  
  74  5:58  Pylon  
  74  5:59  Assimilator  
  74  6:04  Stalker x2  
  74  6:05  Zealot  
  80  6:12  Nexus  
  80  6:14  Pylon  
  80  6:22  Photon Cannon  
  80  6:23  Photon Cannon  
  80  6:28  Probe  
  80  6:29  Sentry x2  
  85  6:39  Probe  
  80  6:40  Stalker x2  
  64  7:14  Stalker x4  
  68  7:16  Probe  
  68  7:18  Probe  
  68  7:25  Robotics Facility  
  68  7:27  Stargate  
  68  7:28  Probe  
  69  7:30  Probe  
  69  7:36  Probe  
  71  7:38  Protoss Ground Weapons Level 1  
  71  7:40  Probe  
  71  7:42  Probe  
  73  7:47  Shield Battery  
  73  7:49  Stalker x2  
  73  7:50  Pylon, Stalker x2  
  82  7:51  Probe (Chrono Boost)  
  82  7:54  Photon Cannon  
  82  7:56  Probe (Chrono Boost)  
  84  8:00  Probe (Chrono Boost)  
  84  8:03  Probe (Chrono Boost)  
  85  8:06  Void Ray  
  90  8:15  Zealot x4  
  90  8:16  Observer (Chrono Boost)  
  90  8:17  Probe  
  99  8:20  Probe, Charge (Chrono Boost)  
  99  8:22  Assimilator  
  99  8:23  Assimilator  
  100  8:30  Immortal  
  100  8:32  Probe  
  105  8:35  Photon Cannon  
  105  8:36  Zealot  
  105  8:37  Pylon  
  105  8:41  Probe  
  108  8:42  Stalker x2  
  112  8:53  Stalker  
  112  8:54  Probe  
  105  9:04  Immortal  
  101  9:11  Stalker x2  
  101  9:12  Stalker  
  101  9:20  Stalker  
  101  9:26  Probe  
  101  9:30  Probe  
  103  9:35  Probe  
  108  9:38  Void Ray (Chrono Boost)  
  108  9:39  Gateway  
  108  9:40  Gateway  
  108  9:44  Gateway, Photon Cannon  
  108  9:46  Stalker  
  108  9:52  Immortal  
  114  9:58  Protoss Ground Armor Level 1, Templar Archives  
  114  10:02  Nexus  
  114  10:06  Pylon  
  114  10:09  Pylon  
  90  10:31  Immortal  
  90  10:32  Zealot x4  
  90  10:34  Gateway  
  91  10:36  Gateway  
  91  10:43  Void Ray (Chrono Boost)  
  91  10:47  Zealot  
  93  10:55  Zealot x6  
  105  11:00  Probe  
  105  11:02  Probe  
  105  11:03  Probe  
  96  11:19  Immortal  
  96  11:22  Zealot x5  
  96  11:24  Probe  
  96  11:27  Probe x2  
  89  11:32  Probe  
  89  11:36  Probe  
  89  11:37  Zealot  
  89  11:39  Probe  
  90  11:41  Probe  
  90  11:42  Photon Cannon  
  91  11:48  Robotics Facility  
  91  11:49  Psionic Storm  
  91  11:56  Pylon  
  91  11:58  Immortal  
  95  12:05  Assimilator  
  95  12:08  High Templar x7  
  105  12:09  High Templar  
  105  12:10  Assimilator  
  105  12:12  Archon  
  105  12:13  Archon x3  
  112  12:15  Probe  
  112  12:16  Probe  
  111  12:24  Stalker  
  111  12:27  Probe  
  111  12:29  Probe  
  114  12:33  Nexus  
  114  12:34  Immortal (Chrono Boost)  
  114  12:35  Immortal (Chrono Boost)  
  114  12:41  Zealot x3  
  126  12:59  Probe  
  126  13:01  Zealot x4  
  126  13:02  Zealot x2  
  139  13:06  Probe  
  139  13:07  Probe  
  139  13:09  Observer  
  139  13:10  Observer, High Templar  
  139  13:11  High Templar x2  
  131  13:26  Zealot x5  
  131  13:27  Zealot  
  141  13:33  Immortal  
  146  13:36  Observer  
  146  13:39  Probe  
  143  13:44  High Templar x3  
  143  13:45  Probe  
  142  13:54  Probe  
  143  13:55  Zealot x4  
  143  13:56  Zealot x2  
  143  13:57  Probe  
  143  14:00  Archon  
Show
View Real Time Build Order
Export as new Build Order

SubN Zerg 

Build Orders: Pool First 

Get SALT Encoding   

  12  0:00  Drone  
  13  0:12  Overlord  
  13  0:17  Drone  
  14  0:30  Drone x2  
  16  0:37  Drone  
  17  0:45  Spawning Pool  
  16  1:06  Hatchery  
  16  1:09  Drone  
  16  1:15  Overlord  
  16  1:21  Drone  
  16  1:22  Drone  
  18  1:34  Queen  
  18  1:38  Drone  
  21  1:42  Zergling x2  
  22  1:53  Zergling x2  
  23  2:03  Drone  
  24  2:15  Queen  
  24  2:19  Hatchery  
  24  2:20  Queen  
  27  2:28  Drone x2  
  29  2:38  Drone x3  
  29  2:41  Extractor  
  31  2:46  Drone x2  
  31  2:47  Overlord  
  33  2:53  Overlord  
  33  3:00  Queen  
  33  3:03  Drone  
  36  3:07  Drone  
  36  3:08  Drone  
  36  3:10  Drone  
  39  3:18  Drone x3  
  39  3:19  Drone  
  43  3:22  Drone  
  44  3:32  Queen  
  46  3:38  Queen  
  46  3:41  Metabolic Boost  
  48  3:47  Queen  
  50  3:50  Zergling x2  
  50  3:51  Zergling x6  
  50  3:54  Overlord  
  54  4:03  Overlord  
  54  4:05  Overlord  
  54  4:12  Overlord x2  
  54  4:13  Roach Warren  
  53  4:24  Drone x2  
  55  4:27  Drone x6  
  61  4:38  Drone x3  
  64  4:47  Extractor  
  63  5:05  Queen  
  65  5:08  Drone  
  65  5:10  Drone x3  
  65  5:11  Extractor  
  65  5:12  Lair  
  68  5:15  Drone  
  68  5:19  Extractor  
  68  5:21  Zergling x2  
  68  5:22  Roach x6  
  68  5:25  Drone  
  82  5:31  Drone x2  
  82  5:34  Evolution Chamber  
  82  5:35  Baneling Nest  
  82  5:36  Evolution Chamber  
  82  5:37  Queen  
  83  5:50  Ravager  
  83  5:51  Overlord  
  83  5:52  Overlord x5  
  84  6:02  Drone x3  
  84  6:03  Zergling x6  
  90  6:05  Overlord x2  
  90  6:06  Overlord  
  90  6:08  Zerg Missile Weapons Level 1  
  90  6:11  Drone x2  
  90  6:12  Drone  
  93  6:21  Overlord  
  93  6:27  Roach  
  93  6:28  Roach x4  
  101  6:38  Zergling x2  
  101  6:39  Zergling x8  
  100  6:44  Zergling x2  
  100  6:45  Zergling x8  
  97  6:55  Zergling x6  
  92  7:15  Roach x8  
  106  7:20  Overseer  
  104  7:24  Overlord x3  
  104  7:26  Roach x5  
  104  7:28  Ravager  
  104  7:29  Ravager x2  
  117  7:33  Drone x2  
  117  7:35  Extractor  
  117  7:36  Drone  
  119  7:43  Centrifugal Hooks  
  119  7:44  Glial Reconstitution  
  119  7:49  Drone x4  
  123  7:51  Hatchery  
  123  7:53  Pneumatized Carapace, Extractor  
  121  8:02  Zerg Melee Weapons Level 1  
  121  8:03  Drone x2  
  121  8:04  Drone x4  
  127  8:22  Spire  
  127  8:23  Zergling x2  
  127  8:24  Zergling x20  
  137  8:31  Zerg Missile Weapons Level 2  
  137  8:33  Extractor  
  136  8:34  Ravager  
  136  8:35  Extractor  
  136  8:38  Ravager  
  137  8:53  Roach x9  
  139  9:04  Roach x7  
  145  9:15  Queen  
  114  9:33  Roach x7  
  114  9:35  Zergling x2  
  114  9:36  Zergling x16  
  137  9:39  Corruptor x2  
  137  9:41  Overseer  
  137  9:43  Overseer  
  137  9:45  Overseer  
  141  9:47  Ravager  
  141  9:48  Ravager x4  
  141  9:49  Ravager  
  147  9:52  Ravager  
  148  10:00  Ravager  
  148  10:01  Ravager  
  148  10:06  Baneling x6  
  150  10:07  Zergling x2  
  150  10:08  Zergling x24  
  155  10:24  Drone  
  155  10:26  Drone x8  
  158  10:34  Queen  
  158  10:38  Corruptor, Zerg Flyer Weapons Level 1  
  158  10:39  Corruptor x4  
  168  10:46  Ravager  
  168  10:47  Ravager x2  
  171  10:56  Baneling x6  
  171  10:57  Baneling x3  
  156  11:13  Hatchery  
  156  11:15  Extractor  
  123  11:38  Zergling x2  
  123  11:39  Zergling x32  
  132  11:47  Overseer  
  132  11:52  Drone x2, Infestation Pit  
  132  11:53  Drone x6  
  139  12:04  Drone x4  
  142  12:16  Extractor  
  134  12:30  Drone x2  
  134  12:31  Drone  
  134  12:34  Queen  
  139  12:39  Roach  
  139  12:40  Roach x5  
  139  12:41  Zergling x2  
  139  12:42  Zergling x18  
  161  12:45  Ravager  
  158  12:56  Corruptor x2, Roach  
  158  12:57  Corruptor  
  120  13:15  Ravager x5  
  120  13:18  Roach x2  
  120  13:19  Zergling x2  
  121  13:20  Zergling x32  
  129  13:30  Zergling x2  
  129  13:31  Zergling x4  
  111  13:43  Zergling x10  
  98  13:53  Zergling x8  
Tags
 
Add a new tag
Caveats
  • Supply blocks, unpowered buildings, or Contaminate may cause inaccurate times.
  • Supply counts are checked every 10 seconds.